 Dungeon Crawl Stone Soup version 0.16.2-12-gd0ad4c3 (webtiles) character file.

114 SlimeFever the Gusty (level 4, -2/24 HPs)
             Began as a Tengu Air Elementalist on Mar 5, 2016.
             Slain by a killer bee (6 damage)
             ... on level 4 of the Dungeon.
             The game lasted 00:25:14 (2612 turns).

SlimeFever the Gusty (Tengu Air Elementalist)       Turns: 2612, Time: 00:25:14

Health: -2/24      AC:  4    Str:  9    XL:     4   Next: 98%
Magic:  2/9        EV: 13    Int: 16    God:
Gold:   26         SH:  0    Dex: 14    Spells: 4 memorised, 0 levels left

rFire  . . .     SeeInvis .     a - +1 short sword
rCold  + . .     Clarity  .     s - +0 robe
rNeg   . . .     SustAb   .     (no shield)
rPois  +         Gourm    .     (helmet restricted)
rElec  .         Spirit   .     j - +1 cloak
rCorr  .         Warding  .     (no gloves)
rMut   .         Stasis   .     (boots unavailable)
MR     .....                    (no amulet)
Stlth  ++........               A - ring of protection from cold
                                g - ring of poison resistance

@: not resistant to hostile enchantments, unstealthy
A: beak, talons 3
a: no special abilities


You were on level 4 of the Dungeon.
You were not hungry.

You visited 1 branch of the dungeon, and saw 4 of its levels.

You collected 108 gold pieces.
You spent 82 gold pieces at shops.

Inventory:

Hand weapons
 a - a +1 short sword (weapon)
Missiles
 h - 6 poisoned needles
 i - 10 sling bullets of frost
 p - 24 arrows
 t - 18 bolts
 x - 15 sling bullets
Armour
 j - a +1 cloak (worn)
 s - a +0 robe (worn)
Magical staves
 w - an uncursed staff of cold
Jewellery
 g - a ring of poison resistance (left hand)
 r - an uncursed amulet of stasis
 A - a ring of protection from cold (right hand)
Magical devices
 b - a wand of magic darts (23)
 n - a wand of polymorph (13)
Scrolls
 c - a scroll of remove curse
 d - a scroll of identify
 l - 2 scrolls of teleportation
 u - a scroll of enchant armour
 v - 2 scrolls of amnesia
Potions
 e - 2 potions of heal wounds
 o - a potion of cure mutation
 q - a potion of cancellation
 z - a potion of agility {unknown}
Books
 y - a book of Air

   Spells                             Type                      Level
   a - Shock                          Conjuration/Air              1
   b - Swiftness                      Charms/Air                   2
   c - Repel Missiles                 Charms/Air                   2
   d - Flight                         Charms/Air                   3
   e - Static Discharge               Conjuration/Air              3
   f - Lightning Bolt                 Conjuration/Air              5
Comestibles
 f - 8 fruits
 k - 2 meat rations


   Skills:
 * Level 0.9 Short Blades
 * Level 2.9 Dodging
 * Level 2.3 Stealth
 + Level 2.7 Spellcasting
 + Level 1.8 Conjurations
 * Level 5.7 Air Magic


You couldn't memorise any spells.
You knew the following spells:

 Your Spells              Type           Power        Failure   Level  Hunger
a - Shock                 Conj/Air       ##..         6%          1    #......
b - Swiftness             Chrm/Air       ##......     10%         2    ##.....
c - Repel Missiles        Chrm/Air       ##....       10%         2    ##.....
d - Static Discharge      Conj/Air       ##......     14%         3    ###....


Dungeon Overview and Level Annotations

Branches:
Dungeon (4/15)
 Temple: D:4-7

Altars:
Dithmenos
Elyvilon
The Shining One

Shops:
D:4 }


Innate Abilities, Weirdness & Mutations

You have a beak for a mouth.
You have claws for feet.


Message History

Okay, then.
Sorry, you're not good enough to have a special ability.
The killer bee misses you. x2
The killer bee barely misses you. The killer bee closely misses you. x2
The killer bee closely misses you. The killer bee stings you.
* * * LOW HITPOINT WARNING * * *
You are lethally poisoned!
The killer bee poisons you! The killer bee barely misses you.
* * * LOW HITPOINT WARNING * * *
You feel sick.
The killer bee stings you but does no damage.
The killer bee stings you.
* * * LOW HITPOINT WARNING * * *
You feel better. The killer bee closely misses you.
The killer bee closely misses you. The killer bee stings you!
* * * LOW HITPOINT WARNING * * *
The killer bee stings you.
You die...

#................(###
#...................# ###
###......................
###....................
##yy..................
##....y........... ...
#y.###yy.......... ...
#..## #yy.#....... ...
#..# #@#..#..... ... ...#
#.####.##.. #+# ....# #.
.## .## #. . #. .. .. ..
#


You could see 5 killer bees.

Vanquished Creatures
  2 adders
  4 worms
  An adder skeleton (D:4)
  5 giant geckos
  2 oozes
  5 orcs (D:3)
  A ball python (D:1)
  A bat skeleton (D:4)
  8 hobgoblins
  A quokka (D:3)
  9 bats
  3 giant cockroaches
  2 giant newts (D:2)
  8 goblins
  A jackal skeleton (D:4)
  5 kobolds
  5 rats
63 creatures vanquished.

Notes
Turn   | Place    | Note
--------------------------------------------------------------
     0 | D:1      | SlimeFever, the Tengu Air Elementalist, began the quest for the Orb.
     0 | D:1      | Reached XP level 1. HP: 10/10 MP: 3/3
   314 | D:1      | Reached XP level 2. HP: 15/15 MP: 0/5
   581 | D:1      | Learned a level 2 spell: Swiftness
   777 | D:2      | Reached skill level 5 in Air Magic
   777 | D:2      | Reached XP level 3. HP: 19/19 MP: 0/7
   858 | D:2      | Found a white marble altar of Elyvilon.
  1264 | D:2      | Learned a level 2 spell: Repel Missiles
  1386 | D:3      | Reached XP level 4. HP: 24/24 MP: 3/9
  1915 | D:3      | Found a glowing golden altar of the Shining One.
  2356 | D:4      | Learned a level 3 spell: Static Discharge
  2377 | D:4      | Found Soggin's Gadget Shoppe.
  2386 | D:4      | Bought a wand of magic darts (23) for 82 gold pieces
  2418 | D:4      | Found a shadowy altar of Dithmenos.
  2612 | D:4      | Slain by a killer bee

Action                   |  1- 3 |  4- 6 || total
-------------------------+-------+-------++-------
Melee: Unarmed           |     2 |       ||     2
       Whip              |    28 |       ||    28
       Trident           |     1 |     5 ||     6
       Short sword       |       |    37 ||    37
 Cast: Shock             |    56 |    38 ||    94
       Static Discharge  |       |     1 ||     1
  Use: Scroll            |     5 |     4 ||     9
       Potion            |       |     1 ||     1
  Eat: Fruit             |     2 |       ||     2
       Bread ration      |       |     1 ||     1
